[Event "44th Chess Olympiad Open 2022"]
[Site "Chennai"]
[Date "2022.08.07"]
[Round "9.68"]
[White "seder mohamad"]
[Black "Chimthere, Alfred Charles"]
[Result "0-1"]
[WhiteElo "1950"]
[BlackElo "2035"]
[Annotator "NA"]
[PlyCount "74"]
[EventDate "2022.??.??"]
[TimeControl "60"]

1. e4 c6 2. Nf3 d5 3. Nc3 a6 4. d4 Bg4 5. Be3 e6 6. Bd3 Nf6 7. e5 Nfd7 8. h3 Bxf3 9. Qxf3 c5 10. Qf4 Nc6 11. O-O cxd4 12. Bxd4 Nxd4 13. Qxd4 Bc5 14. Qg4 O-O 15. Rae1 Qc7 16. Qg5 h6 17. Qh5 Bd4 18. Ne2 Bxe5 19. c3 Nf6 20. Qh4 Rfe8 21. f4 Bd6 22. g4 Ne4 23. Bxe4 dxe4 24. g5 hxg5 25. fxg5 e3 26. Nf4 g6 27. Re2 Rad8 28. b4 Qxc3 29. Nxg6 fxg6 30. Rf6 Be5 31. Rxg6+ Bg7 32. Qh5 Rf8 33. Rc2 Qe1+ 34. Kg2 Rf2+ 35. Rxf2 Qxf2+ 36. Kh1 Qf1+ 37. Kh2 Rd2+ 0-1

[Event "44th Chess Olympiad Open 2022"]
[Site "Chennai"]
[Date "2022.08.07"]
[Round "9.69"]
[White "Jean Louis, Marckens"]
[Black "Ballebako, Kokou Difendramakad"]
[Result "1-0"]
[WhiteElo "2050"]
[BlackElo "1524"]
[Annotator "NA"]
[PlyCount "95"]
[EventDate "2022.??.??"]
[TimeControl "60"]

1. e4 d6 2. d4 Nf6 3. Nc3 g6 4. f4 Bg7 5. Nf3 O-O 6. Bc4 c5 7. e5 Nh5 8. dxc5 dxc5 9. Qxd8 Rxd8 10. Ng5 Rf8 11. Nd5 Nc6 12. Nc7 Rb8 13. Be3 h6 14. Nxf7 Rxf7 15. Bxf7+ Kxf7 16. Bxc5 Bf5 17. O-O Rc8 18. Nb5 a6 19. Na3 b5 20. c3 Bf8 21. Rae1 Ng7 22. Nb1 Ne6 23. Be3 Na5 24. b3 Nc7 25.
Bb6 Nc6 26. c4 bxc4 27. bxc4 Na8 28. Be3 e6 29. Rd1 Ke8 30. h3 h5 31. Nd2 Bh6 32. Nf3 Nb4 33. a3 Nc2 34. Bc1 Rxc4 35.
Rd6 Nc7 36. Rfd1 Nd5 37. Rxa6 Nce3 38. Bxe3 Nxe3 39. Ra8+ Ke7 40. Ra7+ Ke8 41. Rdd7 Bf8 42. Rh7 Rc8 43. Ng5 Nd5 44. Rab7 Rc1+ 45. Kh2 Rc8 46. Nf7 Rc7 47. Nd6+ Bxd6 48. Rb8+ 1-0

[Event "44th Chess Olympiad Open 2022"]
[Site "Chennai"]
[Date "2022.08.07"]
[Round "9.69"]
[White "Etienne, Angelo"]
[Black "Strovsky, Mikhail"]
[Result "1/2-1/2"]
[WhiteElo "2036"]
[BlackElo "2158"]
[Annotator "RC"]
[PlyCount "64"]
[EventDate "2022.??.??"]
[TimeControl "60"]

1. d4 Nf6 2. Nf3 d5 3. c4 e6 4. Nc3 c5 5. Bg5 Be7 6. e3 O-O 7. dxc5 Bxc5 8. Bxf6 Qxf6 9. cxd5 exd5 10. Qxd5 Bb4 11. Qb3 Nc6 12. a3 Be6 13. Qc2 Ba5 14. Bd3 h6 15. O-O Ne5 16. Nxe5 Qxe5 17. Nb5 Bb6 18. Qc3 Qg5 19. Rfe1 Rac8 20. Qb4 a6 21. Nc3 Ba5 22. Qe4 g6 23. Bf1 Rc6 24. Rec1 Rfc8 25. Ne2 Bd5 26. Qa4 Rxc1 27. Rxc1 Rxc1 28. Nxc1 Bc6 29. Qc2 Bc7 30. Ne2 Qe5 31. Ng3 h5 32. Bc4 Kg7 1/2-1/2

[Event "44th Chess Olympiad Open 2022"]
[Site "Chennai"]
[Date "2022.08.07"]
[Round "9.69"]
[White "Tchouka, Yakini"]
[Black "Gabriel, Davidson"]
[Result "0-1"]
[WhiteElo "1934"]
[BlackElo "1915"]
[Annotator "NA RC"]
[PlyCount "84"]
[EventDate "2022.??.??"]
[TimeControl "60"]

1. e4 e5 2. Nf3 Nc6 3. Bc4 Bc5 4. d3 h6 5. c3 Nf6 6. O-O Qe7 7. b4 Bb6 8. a4 a6 9. Be3 Ba7 10. Nbd2 d6 11. Bxa7 Nxa7 12. d4 O-O 13. dxe5 dxe5 14. Qe2 Bg4 15. h3 Bh5 16. Rfd1 a5 17. b5 Nc8 18. Nf1 Nb6 19. Bb3 Bxf3 20. Qxf3 g6 21. Ne3 Kg7 22. Nd5 Nfxd5 23. exd5 Rad8 24. Qe3 Qd6 25. c4 Nd7 26. h4 f5 27. Re1 Nc5 28.
Bc2 Rde8 29. g3 f4 30. Qc3 b6 31. Re2 h5 32. Rae1 Nd7 33. Re4 fxg3 34. Qxg3 Rf6 35. Qg5 Ref8 36. f4 Rxf4 37. Rxf4 Rxf4 38. Kh1 Rg4 39. Qd8 Rxc4 40. Be4 Nc5 41. Qxd6 cxd6 42. Bb1 Rxh4+ 0-1

[Event "44th Chess Olympiad Open 2022"]
[Site "Chennai"]
[Date "2022.08.07"]
[Round "9.69"]
[White "Egbe, Kossi Thierry"]
[Black "Guillaume, Jude Mirvens"]
[Result "0-1"]
[WhiteElo "1703"]
[BlackElo "2022"]
[Annotator "NA"]
[PlyCount "82"]
[EventDate "2022.??.??"]
[TimeControl "60"]

1. e4 c5 2. Nf3 d6 3. d4 cxd4 4. Nxd4 Nf6 5. Nc3 a6 6. Be2 e6 7. Be3 Qc7 8. O-O Nbd7 9. f4 Be7 10. f5 e5 11. Nb3 b5 12. a3 Bb7 13.
Bf3 Rc8 14. Rf2 Nb6 15. Na5 Ba8 16. g4 h6 17. h4 Nfd7 18.
g5 hxg5 19. hxg5 Nc5 20. Rb1 Rh4 21. Rh2 Rxh2 22. Kxh2 d5 23.
Bxc5 Qxc5 24. Qg1 d4 25. Nb3 Qc7 26. f6 gxf6 27. g6 Bf8 28.
g7 Bxg7 29. Qxg7 dxc3 30. Qxf6 Nd7 31. Qh8+ Ke7 32. Qh4+ Nf6 33. Bg4 Rg8 34. Rf1 Qd6 35. Bf5 cxb2 36. Qf2 Bxe4 37. Qa7+ Nd7 38. Bxd7 Rg2+ 39. Kh1 Rxc2+ 40. Kg1 Rg2+ 41. Kh1 Rg4+ 0-1

[Event "44th Chess Olympiad Open 2022"]
[Site "Chennai"]
[Date "2022.08.07"]
[Round "9.70"]
[White "Giasi, Viresh"]
[Black "Khan, Taffin"]
[Result "1/2-1/2"]
[WhiteElo "2006"]
[BlackElo "2019"]
[Annotator "NA"]
[PlyCount "77"]
[EventDate "2022.??.??"]
[TimeControl "60"]

1. e4 c5 2. Nf3 e6 3. d4 cxd4 4. Nxd4 a6 5. c4 Nc6 6. Nxc6 bxc6 7. Bd3 e5 8. O-O Nf6 9. Be3 d6 10. Nc3 Be7 11. Na4 Rb8 12. h3 d5 13.
cxd5 cxd5 14. exd5 O-O 15. Bc4 Bb7 16. Bb6 Qd7 17. Nc5 Bxc5 18.
Bxc5 Rfc8 19. b4 a5 20. a3 Bxd5 21. Qe2 Qe6 22. Bb5 Ne4 23.
Rfc1 Ng5 24. Bc4 Rc6 25. Bxd5 Qxd5 26. Rd1 Qe4 27. Qxe4 Nxe4 28. f3 Nxc5 29. Rac1 axb4 30. axb4 Kf8 31. bxc5 Ke7 32. Rd5 Ke6 33. Rcd1 Rbc8 34. Rd7 R8c7 35. R1d6+ Rxd6 36. Rxc7 Rd7 37. Rc8 Ra7 38. Re8+ Kd5 39. Rc8 1/2-1/2

[Event "44th Chess Olympiad Open 2022"]
[Site "Chennai"]
[Date "2022.08.07"]
[Round "9.70"]
[White "Drayton, Anthony"]
[Black "Sanches, Casanova Romario"]
[Result "1-0"]
[WhiteElo "1928"]
[BlackElo "2066"]
[Annotator "NA"]
[PlyCount "103"]
[EventDate "2022.??.??"]
[TimeControl "60"]

1. d4 Nf6 2. Bf4 c5 3. d5 Qb6 4. Nc3 Qxb2 5. Bd2 Qb6 6. e4 d6 7. f4 g6 8. e5 dxe5 9. fxe5 Bg4 10. Bb5+ Nbd7 11. Bxd7+ Kxd7 12. Qb1 Nh5 13. Qxb6 axb6 14. Rb1 Ra6 15. Kf2 Bf5 16. Rb2 g5 17. Bxg5 Rg8 18. Nf3 Bg4 19. Bd2 Bxf3 20. Kxf3 Ng7 21. g4 h5 22. h3 Rh8 23. Rhb1 Kc7 24. Bf4 e6 25. d6+ Kc6 26. a4 hxg4+ 27. hxg4 f6 28. exf6 Ne8 29. d7 Kxd7 30. Rxb6 Rh3+ 31. Bg3 Nxf6 32. Rxb7+ Ke8 33. Kg2 Rh7 34. Rb8+ Kf7 35. Rf1 Kg7 36. Be5 Bd6 37. Bxf6+ Kg6 38. Rg8+ Kf7 39. Rd8 Rh2+ 40. Kg1 Rxc2 41. Ne4 Bh2+ 42. Kh1 Kg6 43. Ng5 Ra7 44. Rg8+ Kh6 45. Nxe6 Bd6 46. g5+ Kh5 47. Rh8+ Kg4 48. g6 Ra8 49. g7 Rg8 50. Rxg8 Rh2+ 51. Kg1 Kg3 52. Rh8 1-0

[Event "44th Chess Olympiad Open 2022"]
[Site "Chennai"]
[Date "2022.08.07"]
[Round "9.70"]
[White "Kalidjo, Imaan"]
[Black "Neto, Roberto"]
[Result "1-0"]
[WhiteElo "1819"]
[BlackElo "1663"]
[Annotator "NA RC"]
[PlyCount "130"]
[EventDate "2022.??.??"]
[TimeControl "60"]

1. b3 e5 2. Bb2 Nc6 3. e3 Nf6 4. Bb5 d6 5. d4 exd4 6. exd4 a6 7. Bxc6+ bxc6 8. Nc3 Be7 9. Qd3 Bd7 10. Nf3 Nd5 11. O-O O-O 12. Ne2 Qc8 13.
c4 Bf5 14. Qd2 Nf6 15. Ng3 Ne4 16. Qf4 Nxg3 17. fxg3 Bf6 18. Ne5 Bd7 19. Nd3 c5 20. dxc5 Bxb2 21. Nxb2 dxc5 22. Nd3 Qb7 23. Nxc5 Qb6 24. Qf2 Bc6 25. Rae1 f6 26. Ne6 Qxf2+ 27. Kxf2 Rf7 28. Rd1 Re7 29. Nd4 Be4 30. Rfe1 Rae8 31. Nf3 Kf7 32. Nd2 Bc6 33. Rxe7+ Rxe7 34. Nf3 Be4 35. Re1 Bg6 36. Rxe7+ Kxe7 37. Ke3 c5 38. Kd2 Kd6 39. Kc3 a5 40. a3 Be4 41. b4 cxb4+ 42. axb4 axb4+ 43. Kxb4 g5 44. g4 h6 45. c5+ Kd7 46. Kb5 Kc7 47. Kc4 f5 48. gxf5 Bxf5 49. Kd5 Bd3 50.
Nd4 Bf1 51. g3 Bg2+ 52. Ke5 h5 53. Kf5 Bh3+ 54. Kxg5 Bg4 55. h3 Bxh3 56. Kxh5 Kd7 57. g4 Bg2 58. g5 Ke7 59. g6 Bd5 60.
Kh6 Bg8 61. Kg7 Bd5 62. Kh8 Kf6 63. g7 Ke5 64. g8=Q Bxg8 65. Kxg8 Kd5 1-0

[Event "44th Chess Olympiad Open 2022"]
[Site "Chennai"]
[Date "2022.08.07"]
[Round "9.70"]
[White "Lee, Ethan"]
[Black "Matoewi, Roger"]
[Result "0-1"]
[WhiteElo "1629"]
[BlackElo "2015"]
[Annotator "NA"]
[PlyCount "90"]
[EventDate "2022.??.??"]
[TimeControl "60"]

1. d4 d5 2. Bf4 c6 3. c4 e6 4. e3 Nf6 5. Nf3 Be7 6. Nc3 Nbd7 7. cxd5 exd5 8.
Bd3 O-O 9. h3 Re8 10. O-O Nf8 11. a3 Ng6 12. Bh2 Bd6 13. b4 Bxh2+ 14. Nxh2 a6 15. a4 Qd6 16. b5 axb5 17. axb5 Bd7 18. bxc6 bxc6 19. Na4 Nh4 20. Nc5 Bf5 21. Bxf5 Nxf5 22. Qc2 g6 23. Nf3 Rxa1 24. Rxa1 Ne4 25. Nxe4 dxe4 26. Ne5 Nxd4 27. Nxf7 Kxf7 28.
exd4 Qxd4 29. Rc1 e3 30. fxe3 Qxe3+ 31. Kh1 Re6 32. Qc5 Qxc5 33. Rxc5 Ke7 34. Kh2 Kd6 35. Rc2 c5 36. Kg3 Kd5 37. Kf3 c4 38. Rd2+ Kc5 39. Rd8 c3 40. Rc8+ Rc6 41. Rxc6+ Kxc6 42. Ke3 Kc5 43. Kd3 Kb4 44. Kc2 Kc4 45. g3 h6 0-1

[Event "44th Chess Olympiad Open 2022"]
[Site "Chennai"]
[Date "2022.08.07"]
[Round "9.71"]
[White "Beukes, Dante M"]
[Black "Cisse, Amadou Lamine"]
[Result "1-0"]
[WhiteElo "2234"]
[BlackElo "2005"]
[Annotator "RC"]
[PlyCount "71"]
[EventDate "2022.??.??"]
[TimeControl "60"]

1. e4 Nc6 2. Nf3 d6 3. d4 Nf6 4. Nc3 Bg4 5. Be3 e5 6. d5 Ne7 7. h3 Bh5 8. g4 Bg6 9. Nd2 c6 10. dxc6 bxc6 11. Nc4 Nc8 12. Bg2 Rb8 13. O-O h6 14. f4 Nd7 15. f5 Bh7 16. Qd3 f6 17. Rad1 Bg8 18.
b3 Ndb6 19. Nxb6 axb6 20. a4 Be7 21. b4 Qd7 22. b5 c5 23.
Nd5 Ra8 24. Ra1 Bd8 25. Rfd1 Ne7 26. Nc3 Nc8 27. Bf1 h5 28. Be2 hxg4 29. hxg4 g5 30. Kg2 Bc7 31. Nd5 Bd8 32. Rh1 Rxh1 33. Rxh1 Rxa4 34. Qb3 Qa7 35. Nxf6+ Bxf6 36. Qxg8+ 1-0

[Event "44th Chess Olympiad Open 2022"]
[Site "Chennai"]
[Date "2022.08.07"]
[Round "9.71"]
[White "Lesbros Bernard"]
[Black "Uapingene, Uatiavi Jossy"]
[Result "1-0"]
[WhiteElo "1865"]
[BlackElo "1798"]
[Annotator "NA"]
[PlyCount "101"]
[EventDate "2022.??.??"]
[TimeControl "60"]

1. Nf3 Nf6 2. c4 e6 3. g3 c5 4. Bg2 Nc6 5. O-O Be7 6. Nc3 a6 7. d4 cxd4 8. Nxd4 O-O 9. e4 Ne5 10. b3 Bb4 11. Bb2 d6 12. Nc2 Bc5 13.
Na4 Ba7 14. c5 b5 15. cxd6 Nfg4 16. Nc3 Qb6 17. Qe2 b4 18. Na4 Qxd6 19. Rad1 Qb8 20. Kh1 a5 21. f4 Nf2+ 22. Rxf2 Bxf2 23. Bxe5 Qa7 24. Nd4 Bxd4 25. Bxd4 Qa6 26. Qxa6 Bxa6 27. Bc5 Rfd8 28. Bd6 Rac8 29. e5 Rc2 30. Be4 Rxa2 31. Nc5 Bb5 32. Rc1 Rc8 33. Rc2 Ra1+ 34. Kg2 f5 35. Bb7 Bc6+ 36. Bxc6 Rxc6 37. Kf3 a4 38. bxa4 Ra3+ 39. Ke2 b3 40. Rc1 Ra2+ 41. Kd3 Rxa4 42. Rb1 Rb4 43. Nxe6 Rb5 44. Nd4 Rd5 45. Rxb3 Rc1 46. Rb8+ Kf7 47. e6+ Kf6 48. Rf8+ Kg6 49. e7 Re1 50. Be5 Rxd4+ 51. Kxd4 1-0

[Event "44th Chess Olympiad Open 2022"]
[Site "Chennai"]
[Date "2022.08.07"]
[Round "9.71"]
[White "Khoa, Goodwill"]
[Black "Badji, Sekou Aransbene"]
[Result "1-0"]
[WhiteElo "1850"]
[BlackElo "1732"]
[Annotator "NA RC"]
[PlyCount "79"]
[EventDate "2022.??.??"]
[TimeControl "60"]

1. d4 Nf6 2. Nf3 c6 3. c4 d6 4. Nc3 Bg4 5. e4 Qc7 6. Be2 Nbd7 7. O-O e5 8. h3 Bh5 9. Be3 Be7 10. Qd2 O-O 11. Rac1 Rfe8 12. Nh2 Bg6 13. Bd3 Bf8 14. Rfe1 exd4 15. Bxd4 c5 16. Nd5 Nxd5 17. cxd5 f6 18. b3 Ne5 19. Bb1 b5 20. Bb2 a5 21. f4 Nd7 22. Nf3 a4 23.
Nd4 Qb6 24. Ne6 Bf7 25. Re3 Bxe6 26. dxe6 Rxe6 27. Qd5 Rae8 28. f5 Ne5 29. fxe6 Kh8 30. Rg3 a3 31. Bc3 Qa7 32. Rf1 Be7 33. Bxe5 dxe5 34. Qd7 Qb8 35. Bd3 c4 36. bxc4 bxc4 37. Bxc4 Bc5+ 38. Kh2 Re7 39. Qd5 Qc8 40. Ba6 1-0

[Event "44th Chess Olympiad Open 2022"]
[Site "Chennai"]
[Date "2022.08.07"]
[Round "9.71"]
[White "Diop, Wara"]
[Black "Ndahangwapo, Heskiel"]
[Result "0-1"]
[WhiteElo "1636"]
[BlackElo "1904"]
[Annotator "NA RC"]
[PlyCount "50"]
[EventDate "2022.??.??"]
[TimeControl "60"]

1. e4 c5 2. Nf3 d6 3. Bc4 e6 4. c3 Nf6 5. e5 dxe5 6. Nxe5 Be7 7. O-O O-O 8. d4 cxd4 9. Qxd4 Qc7 10. Bf4 Bd6 11. Na3 a6 12. Bb3 b5 13. Rad1 Bc5 14. Qd3 Nh5 15. Bc2 f5 16. Qf3 Nxf4 17. Qxf4 Bd6 18. Rfe1 Nc6 19. Qf3 Nxe5 20. Rxe5 Bxe5 21. Qxa8 Bb7 22. Nxb5 Qc6 23. Qxf8+ Kxf8 24. f3 Qxb5 25. Bb3 Qe2 0-1

[Event "44th Chess Olympiad Open 2022"]
[Site "Chennai"]
[Date "2022.08.07"]
[Round "9.72"]
[White "Ortega Amarelle, Mariano"]
[Black "Moncur, Cecil"]
[Result "1-0"]
[WhiteElo "2463"]
[BlackElo "1815"]
[Annotator "TA"]
[PlyCount "71"]
[EventDate "2022.??.??"]
[TimeControl "60"]

1. e4 c5 2. Nf3 e6 3. d4 cxd4 4. Nxd4 Nf6 5. Nc3 Nc6 6. Nxc6 bxc6 7. e5 Nd5 8. Ne4 Qc7 9. f4 Qb6 10. c4 Bb4+ 11. Ke2 f5 12. Nf2 Bc5 (12... Ba6 $11) 13. Nd3 $16 {[%emt 0:00:56] Black is on the
road to losing. B45: Sicilian Four Knights.} Ne3 14. Qb3 Nxf1 15. Qxb6 $1 {[%emt 0:00:34] White is
better.} ({But not} 15. Rxf1 Be7 $11) ({Much weaker is} 15. Nxc5 Qxc5 16. Qc3
Ba6 $1 $11) 15... Ng3+ 16. hxg3 Bxb6 17. Be3 Ba6 18. b3 {[%emt 0:00:27] [#]} Ke7 $146 {[%emt 0:02:41] [#]} ({
Predecessor:} 18... h5 19. Bc5 Bb7 20. a4 Bd8 21. a5 a6 22. Ra4 Rh6 23. Kf2 Rh8
24. Kf3 Rh6 {1-0 (37) Ordyan,V (2378)-Mezhlumyan,V (2198) Yerevan 2004}) 19.
Bc5+ $1 Kf7 20. a4 {[%emt 0:10:46][%cal
Ya2a4,Ya4a5,Ya5a6] White is more active.} h6 21. a5 Bc7 22. Bd6 Bd8 (
22... Bxd6 $142 23. exd6 Rhd8) 23. Nc5 $18 Bc8 24. a6 Bb6 25. Nb7 Ke8 26. b4 h5 27. b5 g6 (27... Kf7 $142 28.
c5 Bd8 29. Nxd8+ Rxd8) 28. Rhb1 {[%emt 0:00:26] aiming for c5.} Rh7 $2 (28... cxb5 29. cxb5 Kf7) 29. c5 Bd8 30. b6 h4 31. Nxd8 {[%emt 0:00:29]
Intending b7 and mate.} axb6 {[%emt 0:01:45] [#]} 32. cxb6 $1 {[%emt 0:00:51]
White wants to mate with b7.} Bxa6+ {[%emt 0:00:34] [#]} (32... Rxa6 33. b7)
33. Rxa6 $1 {[%emt 0:00:35] White mates.} Rxa6 (33... Rxd8 34.
Bc7) 34. b7 hxg3 35. b8=Q Ra2+ 36. Kd3 {[%emt 0:00:26] Weighted Error Value: White=0.09
(flawless) /Black=0.48} 1-0

[Event "44th Chess Olympiad Open 2022"]
[Site "Chennai"]
[Date "2022.08.07"]
[Round "9.72"]
[White "Mirulla, David"]
[Black "Karelina, Polina"]
[Result "1-0"]
[WhiteElo "1953"]
[BlackElo "1835"]
[Annotator "NA"]
[PlyCount "113"]
[EventDate "2022.??.??"]
[TimeControl "60"]

1. e4 d6 2. d4 Nf6 3. Nc3 c6 4. f4 Qa5 5. Bd3 e5 6. Nf3 Bg4 7. Be3 Nbd7 8.
h3 exf4 9. Bxf4 Bh5 10. O-O Be7 11. Qd2 O-O 12. Nd5 Qd8 13.
Nxe7+ Qxe7 14. Rae1 Bg6 15. Bg5 h6 16. Bh4 Qe6 17. e5 dxe5 18.
Nxe5 Bxd3 19. Nxd7 Qxd7 20. Qxd3 Rfe8 21. Bxf6 Rxe1 22. Rxe1 gxf6 23. Qe4 Rd8 24. c3 Qd5 25. Qxd5 Rxd5 26. Re7 Rb5 27. b4 Kf8 28. Rc7 Ke8 29. Kf2 a5 30. a3 axb4 31. axb4 h5 32. Kf3 Rf5+ 33. Ke2 Rg5 34. Kf2 Rf5+ 35. Kg1 Rb5 36. h4 Kf8 37. g3 Kg7 38. Kf2 Kg6 39. Ke3 f5 40. Kd3 f6 41. Ke3 Kh6 42. Kd2 Kg6 43.
Rd7 f4 44. gxf4 Kf5 45. Ke3 Kg4 46. Rf7 Rf5 47. Rg7+ Kxh4 48. c4 b5 49. Ke4 bxc4 50. Kxf5 c3 51. Rg2 Kh3 52. Rc2 h4 53.
Rxc3+ Kg2 54. Kxf6 h3 55. Ke5 h2 56. Rc2+ Kg3 57. Rxh2 1-0

[Event "44th Chess Olympiad Open 2022"]
[Site "Chennai"]
[Date "2022.08.07"]
[Round "9.72"]
[White "Knowles, Kendrick"]
[Black "Teixeira, Gil"]
[Result "1-0"]
[WhiteElo "1907"]
[BlackElo "1741"]
[Annotator "NA RC"]
[PlyCount "103"]
[EventDate "2022.??.??"]
[TimeControl "60"]

1. d4 d5 2. Nf3 Bf5 3. g3 Nf6 4. Bg2 e6 5. O-O Be7 6. c4 c6 7. Nc3 O-O 8. h3 h6 9. b3 Nbd7 10. Bb2 a5 11. Nd2 Re8 12. Kh2 Rb8 13.
a4 Qc7 14. Rc1 Qb6 15. e3 Qd8 16. f3 Bd6 17. e4 Nh5 18. f4 Bg6 19. e5 Bc7 20. Bf3 Nxf4 21. gxf4 Qh4 22. Ne2 Bf5 23. Bg2 Bd8 24. Nf3 Qe7 25. Qd2 b5 26. c5 bxa4 27. bxa4 Rb4 28. Bc3 Rxa4 29. Ra1 Rc4 30. Bxa5 Rc2 31. Qd1 Bxa5 32. Rxa5 Rb2 33. Ng3 Bh7 34. Qa1 Reb8 35. Ra8 R2b5 36. Qa7 Rxa8 37. Qxa8+ Nb8 38. Ra1 g5 39. fxg5 hxg5 40. Ra7 Qd8 41. Nh5 Bg6 42. Rd7 Qf8 43. Nf6+ Kg7 44. Rb7 Bf5 45. Nxg5 Rxb7 46. Qxb7 Kg6 47. h4 Kg7 48. Bh3 Kg6 49. Nxe6 Bxe6 50. Bxe6 Na6 51. Qb1+ Kh6 52. Qh7# 1-0

[Event "44th Chess Olympiad Open 2022"]
[Site "Chennai"]
[Date "2022.08.07"]
[Round "9.72"]
[White "Lockhart, Kenville"]
[Black "Rodriguez Guevara, Celia M."]
[Result "1-0"]
[WhiteElo "1551"]
[BlackElo "1859"]
[Annotator "NA"]
[PlyCount "119"]
[EventDate "2022.??.??"]
[TimeControl "60"]

1. e4 d5 2. exd5 Qxd5 3. Nc3 Qd8 4. d4 Nf6 5. h3 Bf5 6. Nf3 e6 7. Bc4 c6 8. O-O Be7 9. Ne2 O-O 10. Ng3 Bg6 11. Ne5 Nbd7 12. Nxg6 hxg6 13. Bf4 Nd5 14. Bd2 N7f6 15. c3 c5 16. Bg5 Nb6 17. Bb3 cxd4 18.
Qxd4 Qxd4 19. cxd4 Rfd8 20. Rfd1 Rd7 21. Rd3 Rad8 22. Rad1 Nfd5 23. Bxe7 Nxe7 24. a3 Nc6 25. Ne2 a5 26. f4 Nc8 27. d5 N6e7 28. Nc3 Nb6 29. d6 Nec8 30. Nb5 Na7 31. Nxa7 a4 32. Ba2 Ra8 33. Nb5 Ra5 34. Nc3 Rf5 35. g3 Rc5 36. Kf2 Nc8 37. Nxa4 Rc6 38.
Rc3 Rdxd6 39. Rxd6 Nxd6 40. Rxc6 bxc6 41. Nc3 Kf8 42. b4 Ke7 43. a4 Kd7 44. g4 Kc7 45. Ke3 Kd7 46. Ne4 Nc8 47. a5 Na7 48.
Bc4 Kc7 49. Ng5 e5 50. fxe5 f6 51. Ne6+ Kd7 52. exf6 gxf6 53. Nf8+ Kd6 54. Nxg6 Kc7 55. h4 Nc8 56. h5 Nd6 57. Be6 c5 58. h6 c4 59. h7 c3 60.
h8=Q 1-0

[Event "44th Chess Olympiad Open 2022"]
[Site "Chennai"]
[Date "2022.08.07"]
[Round "9.73"]
[White "Blackman, Justin"]
[Black "Ashraf, Ahmed Ramadan"]
[Result "1-0"]
[WhiteElo "2195"]
[BlackElo "1916"]
[Annotator "RC"]
[PlyCount "65"]
[EventDate "2022.??.??"]
[TimeControl "60"]

1. e4 d5 2. exd5 Nf6 3. d4 Nxd5 4. Nf3 e6 5. c4 Nf6 6. Nc3 c5 7. Be3 cxd4 8. Nxd4 Be7 9. Qf3 a6 10. g4 O-O 11. g5 Nfd7 12. h4 Ne5 13.
Qe4 Qc7 14. h5 f5 15. gxf6 Bxf6 16. f4 Ng4 17. O-O-O Nxe3 18. Qxe3 Qc5 19. Ne4 Bxd4 20. Rxd4 Qc7 21. Nd6 Nc6 22. Rd2 Bd7 23. Bh3 Nd8 24. Rhd1 h6 25. Kb1 a5 26. Nxb7 Qxb7 27. Rxd7 Qc6 28. Qe5 Rf6 29. Rxd8+ Rxd8 30. Rxd8+ Kh7 31. Bf1 Qh1 32. Rd1 Rf5 33. Qxe6 1-0

[Event "44th Chess Olympiad Open 2022"]
[Site "Chennai"]
[Date "2022.08.07"]
[Round "9.73"]
[White "Fuad, Ahmed Mufleh"]
[Black "Edwards, Emar"]
[Result "0-1"]
[WhiteElo "2086"]
[BlackElo "1695"]
[Annotator "NA RC"]
[PlyCount "58"]
[EventDate "2022.??.??"]
[TimeControl "60"]

1. Nf3 d5 2. b3 Nf6 3. Bb2 Bf5 4. e3 Nbd7 5. Be2 e6 6. Nh4 Bg6 7. d3 Bd6 8. f4 c6 9. Nd2 Qb6 10. d4 a5 11. g4 Be4 12. O-O h6 13. Nxe4 Nxe4 14. Bf3 Qd8 15. Ng2 Ndf6 16. c4 g5 17. Qc1 h5 18. Bxe4 Nxe4 19. Qd1 hxg4 20. Qxg4 Qf6 21. Ne1 Rh4 22. Qg2 gxf4 23. Qg8+ Ke7 24. Qxa8 Qg6+ 25. Ng2 Rg4 26. Qxb7+ Kf8 27. c5 Rxg2+ 28. Kh1 Rxh2+ 29. Kxh2 f3+ 0-1

[Event "44th Chess Olympiad Open 2022"]
[Site "Chennai"]
[Date "2022.08.07"]
[Round "9.73"]
[White "Muhammed, Shuaau"]
[Black "Husbands, Orlando"]
[Result "1/2-1/2"]
[WhiteElo "1987"]
[BlackElo "2353"]
[Annotator "RC"]
[PlyCount "66"]
[EventDate "2022.??.??"]
[TimeControl "60"]

1. e4 c5 2. Nf3 e6 3. d4 cxd4 4. Nxd4 a6 5. c4 Nf6 6. Nc3 Qc7 7. Be3 Bb4 8. Qf3 Nc6 9. Nxc6 Qxc6 10. Bd4 Nxe4 11. Bxg7 Rg8 12. a3 Nxc3 13. Qxc6 bxc6 14. axb4 Rxg7 15. bxc3 c5 16. f3 Rb8 17. Rb1 d6 18. Kf2 f5 19. Bd3 Rc7 20. Rb2 e5 21. Rhb1 Ke7 22. Ke3 Rcb7 23. g3 Kf6 24. Be2 Rb6 25. Kd2 Be6 26. b5 Ke7 27. Kc2 axb5 28.
Rxb5 Rxb5 29. cxb5 c4 30. f4 exf4 31. gxf4 Rb6 32. Kd2 Bd5 33. Rb4 Be6 1/2-1/2

[Event "44th Chess Olympiad Open 2022"]
[Site "Chennai"]
[Date "2022.08.07"]
[Round "9.73"]
[White "Parsons, Justin"]
[Black "Mujahid Bin Yazeed"]
[Result "1-0"]
[WhiteElo "1749"]
[BlackElo "1418"]
[Annotator "NA RC"]
[PlyCount "55"]
[EventDate "2022.??.??"]
[TimeControl "60"]

1. d4 f5 2. c4 Nf6 3. g3 e6 4. Bg2 c6 5. Nh3 d5 6. O-O Be7 7. Qc2 O-O 8. Nd2 Qe8 9. Nf3 h6 10. Nf4 g5 11. Nd3 Nbd7 12. Nfe5 Nxe5 13. Nxe5 Nd7 14. Nd3 Bf6 15. e3 a5 16. Bd2 b6 17. Rfc1 Ba6 18. b3 Rc8 19. Rab1 Qh5 20.
c5 Bd8 21. cxb6 Bxb6 22. b4 Bxd3 23. Qxd3 axb4 24. Bxb4 c5 25. dxc5 Bxc5 26. Qb5 Bxb4 27. Rxc8 Rxc8 28. Qxd7 1-0

[Event "44th Chess Olympiad Open 2022"]
[Site "Chennai"]
[Date "2022.08.07"]
[Round "9.74"]
[White "Carpenter, Paul A"]
[Black "Mlawa, Hemed"]
[Result "1/2-1/2"]
[WhiteElo "1938"]
[BlackElo "1896"]
[Annotator "NA"]
[PlyCount "92"]
[EventDate "2022.??.??"]
[TimeControl "60"]

1. e4 d5 2. exd5 Qxd5 3. Nc3 Qd8 4. Nf3 Nf6 5. Bc4 e6 6. O-O a6 7. a4 c5 8. d3 Nc6 9. Bg5 Be7 10. Qd2 O-O 11. Rfe1 b6 12. Rad1 Nd4 13. Nxd4 Qxd4 14. Qf4 Qxf4 15. Bxf4 Ra7 16. h3 h6 17. Be5 Nd7 18. Bf4 Bf6 19. Bd2 Bb7 20. Rb1 Be7 21. Bd5 Nf6 22. Bxb7 Rxb7 23. Bf4 Rd8 24. Ne4 Rd4 25. b3 Nxe4 26. Rxe4 Rxe4 27. dxe4 Rd7 28. Kf1 g5 29. Be3 b5 30. axb5 axb5 31. Ra1 c4 32. bxc4 bxc4 33. Ra8+ Rd8 34. Rxd8+ Bxd8 35. Ke2 Bf6 36. Bc5 Bc3 37. Kd1 Kg7 38. g4 Kg6 39. Ke2 f5 40. exf5+ exf5 41. Ke3 h5 42. f3 hxg4 43. hxg4 Bb2 44. Be7 Bc3 45. Bd8 Be5 46. Be7 Bc3 1/2-1/2

[Event "44th Chess Olympiad Open 2022"]
[Site "Chennai"]
[Date "2022.08.07"]
[Round "9.74"]
[White "Njau, Albert"]
[Black "Belzo, Krzysztof"]
[Result "1-0"]
[WhiteElo "1842"]
[BlackElo "2080"]
[Annotator "NA RC"]
[PlyCount "129"]
[EventDate "2022.??.??"]
[TimeControl "60"]

1. e4 c5 2. c4 g6 3. Nf3 Bg7 4. d4 cxd4 5. Nxd4 Nf6 6. Nc3 O-O 7. Be3 d6 8. Be2 Nc6 9. f3 Bd7 10. Qd2 a5 11. g4 a4 12. Nxc6 Bxc6 13.
h4 Qa5 14. Bd4 Nd7 15. Bxg7 Kxg7 16. Nd1 Ne5 17. Ne3 Rfb8 18. Rc1 Qxd2+ 19. Kxd2 Ra5 20. b4 axb3 21. axb3 Ra3 22. Kc3 Ra2 23. Rc2 Ra3 24. Rcc1 Ba4 25. Rb1 Bd7 26. Ra1 Raa8 27. Nc2 f5 28. Rxa8 Rxa8 29. g5 fxe4 30. fxe4 Rf8 31. Kd2 Rf2 32. Ke3 Rg2 33. Nd4 Rg3+ 34. Kd2 Ng4 35. Bxg4 Bxg4 36. b4 e5 37. Nb5 Rb3 38. Nxd6 Rxb4 39. Kc3 Rb6 40. Ne8+ Kf7 41. c5 Rc6 42. Nf6 Be6 43. Kb4 b6 44. cxb6 Rxb6+ 45. Kc5 Ra6 46. Nxh7 Ke7 47. Rb1 Ra7 48. Nf6 Rc7+ 49. Kb6 Rc8 50. Kb7 Rh8 51. Rc1 Rxh4 52. Rc7+ Kd8 53. Kc6 Bf5 54. Kd6 Rxe4 55. Nxe4 Bxe4 56. Rh7 Ke8 57. Kxe5 Bc2 58. Kf6 Bd3 59. Rh3 Bc2 60. Ra3 Bf5 61. Ra8+ Kd7 62. Rg8 Be4 63. Rxg6 Bxg6 64. Kxg6 Ke7 65. Kh7 1-0